cohdb
Replays
Latest Replays
All Replays
Popular Replays
Top Player Replays
Match Explorer
How It Works
Community
CoH3 Stats
Reddit
Sign in to upload your games and track your stats! →
Sign in with Steam
Match 42674458
Unlisted
Match 42674458
Overview
Messages
Build Orders
End
Panzergrenadier Squad
Kradschützen Motorcycle Team
Panzerpioneer Squad
Selects Battlefield Espionage Battlegroup
250 Light Carrier
Panzergrenadier Squad
Construct Light Support Kompanie
Construct Light Support Kompanie
Fire Support Elements
Selects Intel Disruption Beacon
Veteran Squad Leaders
Panzerjäger Mechanized Group
Construct Panzerarmee Kommand
Selects Plunder
Kradschützen Motorcycle Team
Panzergrenadier Squad
Panzer III L Medium Tank
Selects 250/3 Funkpanzerwagen
Selects Advanced Ambush Training
Vehicle Survival Package
Panzer III L Medium Tank
Panzer III L Medium Tank
Panzer III L Medium Tank
Pak 38 Mechanized Group
Panzer III L Medium Tank
Armored Reserves
Emergency Repair Kits
StuG Assault Group
^1Soldat^0James
Razarak
Insomniac
BloodSpark
0
0
Comments
sign in to comment!
No comments posted yet!